 Dungeon Crawl Stone Soup version 0.28.0-1-gb440e238dd (webtiles) character file.

Game seed: 3826964620853807866

845 arthad the Vandal (level 8, -3/61 HPs)
             Began as a Formicid Arcane Marksman on Feb 26, 2022.
             Was an Initiate of Gozag.
             Slain by a killer bee zombie (5 damage)
             ... on level 5 of the Dungeon.
             The game lasted 00:21:51 (4233 turns).

arthad the Vandal (Formicid Arcane Marksman)        Turns: 4233, Time: 00:21:52

Health: -3/61      AC: 10    Str: 21    XL:     8   Next: 20%
Magic:  11/12      EV: 12    Int: 13    God:    Gozag
Gold:   390        SH:  4    Dex: 13    Spells: 4/12 levels left

rFire   . . .      SeeInvis +   a - +1 hunting sling (venom)
rCold   . . .      Faith    .   x - +0 buckler
rNeg    . . .      Spirit   .   n - +0 leather armour
rPois   .          Reflect  .   (helmet unavailable)
rElec   .          Harm     .   q - +0 cloak
rCorr   .          Rampage  .   m - +1 pair of gloves
Will    .....                   (no boots)
Stlth   ++........              (no amulet)
HPRegen 0.20/turn               u - +6 ring of strength
MPRegen 0.13/turn               s - +4 ring of protection

@: marked
A: permanent stasis, dig shafts and tunnels, antennae 3, four strong arms
a: Dig, Shaft Self, Renounce Religion, Potion Petition, Call Merchant, Bribe
Branch


You were on level 5 of the Dungeon.
You worshipped Gozag.
Gozag was aware of your devotion.
You visited 2 branches of the dungeon, and saw 6 of its levels.
You also visited: Ossuary.

You collected 507 gold pieces.
You paid 117 gold pieces to Gozag.

Inventory:

Hand Weapons
 a - a +1 hunting sling of venom (weapon)
Missiles
 g - 145 stones (quivered ammo)
Armour
 d - a +0 robe
 m - a +1 pair of gloves (worn)
 n - a +0 leather armour (worn)
 q - a +0 cloak (worn)
 x - a +0 buckler (worn)
Jewellery
 o - a +6 ring of dexterity
 s - a +4 ring of protection (right hand)
 u - a +6 ring of strength (left hand)
Scrolls
 f - a scroll of fear
 i - a scroll of torment
 p - 4 scrolls of identify
Potions
 b - 6 potions of curing
 e - 2 potions of flight {unknown}
 h - 5 potions of heal wounds {unknown}
 j - 2 potions of cancellation {unknown}
 k - a potion of ambrosia {unknown}
 l - a potion of attraction {unknown}
 r - 2 potions of brilliance {unknown}
 t - 4 potions of lignification {unknown}
 v - a potion of berserk rage {unknown}
 w - a potion of degeneration {unknown}
 A - a potion of mutation {unknown}


   Skills:
 * Level 4.5 Fighting
 * Level 4.8 Slings
 + Level 1.7 Armour
 - Level 2.6 Dodging
 + Level 3.2 Stealth
 * Level 2.6 Shields
 + Level 2.6 Spellcasting
 - Level 4.4 Hexes
 + Level 1.2 Translocations
 + Level 1.4 Transmutations
 + Level 1.3 Fire Magic


You had 4 spell levels left.
You knew the following spells:

 Your Spells              Type           Power      Damage    Failure   Level
a - Slow                  Hex            52%        N/A       5%          1
b - Beastly Appendage     Tmut           10%        N/A       19%         1
c - Portal Projectile     Hex/Tloc       18%        N/A       32%         3
d - Inner Flame           Hex/Fire       9%         N/A       32%         3

Your spell library contained the following spells:

 Spells                   Type           Power      Damage    Failure   Level
 Wereblood                Tmut           5%         N/A       28%         2
 Cause Fear               Hex            6%         N/A       50%         4
 Spider Form              Tmut/Pois      3%         N/A       61%         3


Dungeon Overview and Level Annotations

Branches:
Dungeon (5/15)             Temple (1/1) D:4         Ossuary (visited)

Altars:
Cheibriados
Dithmenos
Elyvilon
Fedhas
Gozag
Kikubaaqudgha
Nemelex Xobeh
Qazlal
Ru
Sif Muna
Trog
Uskayaw
Vehumet
Xom
Yredelemnul
Zin


Innate Abilities, Weirdness & Mutations

You cannot be hasted, slowed, berserked, paralysed or teleported.
You can dig through walls and to a lower floor.
You have a pair of large antennae on your head. (SInv)
Your four strong arms can wield two-handed weapons with a shield.


Message History

Press: ? - help, Q - select action, (/) - cycle Shift-Dir - straight line, f/p - troll
Aim: a troll (63% to hit)
You shoot a stone. The stone barely misses the troll.
The troll bites you! The troll misses you. The troll claws you.
Unknown command.
Fire: 147 stones
Press: ? - help, Q - select action, (/) - cycle Shift-Dir - straight line, f/p - troll
Aim: a troll (63% to hit)
You shoot a stone.
The stone hits the troll but does no damage.
The troll bites you. You block the troll's attack. The troll claws you.
As you read the scroll labelled ZUSENAMNYI, it crumbles to dust.
It is a scroll of brand weapon.
Your +1 hunting sling drips with poison.
a - a +1 hunting sling of venom (weapon)
The troll bites you but does no damage. The troll claws you but does no damage.
The troll claws you!
* * * LOW HITPOINT WARNING * * *
Fire: 146 stones
Press: ? - help, Q - select action, (/) - cycle Shift-Dir - straight line, f/p - troll
Aim: a troll (63% to hit)
You shoot a stone.
The stone hits the troll but does no damage.
The troll is poisoned.
You block the troll's attack. The troll completely misses you.
The troll misses you.
A killer bee zombie comes into view.
The killer bee zombie hits you.
* * * LOW HITPOINT WARNING * * *
Your magical contamination has completely faded away.
The killer bee zombie closely misses you.
The killer bee zombie barely misses you.
The killer bee zombie hits you.
* * * LOW HITPOINT WARNING * * *
The killer bee zombie hits you.
* * * LOW HITPOINT WARNING * * *
The killer bee zombie misses you. The killer bee zombie hits you.
You die...
Your body crumbles into a pile of gold.

#.###...gg:...# #..#..{{##...##
##..g....#..## # ##
#...###..#...# ..#..
#..####......###
.....###..#...........# $
.......#T...........####
#...Z..........##>#.#
##..@.##............. (.......
##..####...##$....... .........#
##.........!$$......##
(........###...........$.$.(..##
........##................)(.##
................##..##......##
......##........#...#...#####
(.....#.##.$....<.......#
((......#.........###..##


You could see a troll (poisoned), a gnoll and a killer bee zombie.

Vanquished Creatures
  A black bear (D:5)
  An ice beast (D:5)
  An ogre (D:4)
  2 phantoms (D:4)
  A scorpion (D:4)
  2 hounds (D:4)
  An orc priest (D:5)
  An orc wizard (D:4)
  8 mummies (Ossuary)
  5 adders
  An adder skeleton (D:4)
  2 worms
  A dart slug (D:3)
  10 orcs
  6 endoplasms
  A giant cockroach (D:3)
  4 goblins
  5 hobgoblins
  3 jackals (D:1)
  A quokka (D:1)
  6 ball pythons
  2 bats
  2 gnoll zombies (Ossuary)
  2 hobgoblin zombies (Ossuary)
  5 kobolds
  A kobold zombie (Ossuary)
  3 orc zombies (Ossuary)
  4 rats
82 creatures vanquished.

Vanquished Creatures (collateral kills)
  An adder (D:5)
  2 gnolls (D:5)
  A shadow imp (D:5)
4 creatures vanquished.

Grand Total: 86 creatures vanquished

Notes
Turn   | Place    | Note
-------+----------+-------------------------------------------
     0 | D:1      | arthad the Formicid Arcane Marksman began the quest for the
                  | Orb.
     0 | D:1      | Reached XP level 1. HP: 15/15 MP: 2/2
   318 | D:1      | Reached XP level 2. HP: 21/21 MP: 3/3
   510 | D:1      | You fall into a shaft and drop 1 floor!
   659 | D:2      | Reached XP level 3. HP: 27/27 MP: 4/4
   680 | D:2      | Reached skill level 1 in Stealth
   902 | D:2      | Reached XP level 4. HP: 28/33 MP: 6/6
  2191 | D:4      | Reached XP level 5. HP: 15/39 MP: 7/7
  2266 | D:4      | Found a sand-covered staircase.
  2271 | Ossuary  | Entered an ossuary
  2396 | Ossuary  | Reached XP level 6. HP: 47/47 MP: 7/9
  2749 | D:4      | Learned a level 1 spell: Beastly Appendage
  2753 | D:4      | Learned a level 3 spell: Portal Projectile
  2757 | D:4      | Learned a level 3 spell: Inner Flame
  3062 | D:4      | Found a staircase to the Ecumenical Temple.
  3078 | Temple   | Entered the Ecumenical Temple
  3225 | Temple   | Became a worshipper of Gozag Ym Sagoz the Greedy
  3257 | D:4      | Noticed an ogre
  3264 | D:4      | Killed an ogre
  3265 | D:4      | Reached skill level 1 in Shields
  3265 | D:4      | Reached XP level 7. HP: 53/53 MP: 8/10
  3473 | D:4      | Reached skill level 1 in Armour
  3964 | D:5      | Entered Level 5 of the Dungeon
  3986 | D:5      | Reached skill level 1 in Transmutations
  3986 | D:5      | Reached skill level 1 in Fire Magic
  4060 | D:5      | Reached skill level 1 in Translocations
  4060 | D:5      | Reached XP level 8. HP: 61/61 MP: 11/11
  4077 | D:5      | Noticed a troll
  4231 | D:5      | HP: 1/61 [killer bee zombie (5)]
  4233 | D:5      | Slain by a killer bee zombie

Illustrated notes

Levels and vault maps discovered:
D:1:      wheals_arrival_shading, layout_loops_ring, basic_ecumenical_altar
D:2:      layout_rooms
D:3:      layout_loops_corners, serial_forest, infiniplex_forest_lined_4_way,
          infiniplex_forest_clump_long, infiniplex_forest_straight_2,
          infiniplex_forest_clump_medium, infiniplex_forest_end_3,
          infiniplex_forest_clump_curved, infiniplex_forest_clump_cross,
          infiniplex_forest_clump_double, amcnicky_mini_rare_corridor_liquid,
          kennysheep_cross_room
D:4:      layout_basic, minmay_temple_entry_statues_fountains,
          nicolae_ossuary_entry_false_entrances
D:5:      layout_cave_pools, amcnicky_altar_gilded, lemuel_round_altar,
          mainiacjoe_overflow_small_starburst, uniq_grinder
Temple:   nicolae_temple_elliptical

Skill      XL: |  1  2  3  4  5  6  7 |
---------------+----------------------+-----
Dodging        | 2 |  2.6
Fighting       | 2 3 4 |  4.5
Stealth        | 1 2 3 |  3.2
Slings         | 3 4 |  4.8
Hexes          | 4 |  4.4
Spellcasting   | 2 |  2.6
Shields        | 1 2 |  2.6
Armour         | 1 |  1.7
Transmutations | 1 |  1.4
Fire Magic     | 1 |  1.3
Translocations | 1 |  1.2

Action                   |  1- 3 |  4- 6 |  7- 9 || total
-------------------------+-------+-------+-------++-------
 Fire: Hunting sling     |    77 |   151 |   108 ||   336
 Cast: Slow              |       |     1 |     4 ||     5
       Inner Flame       |       |       |     2 ||     2
Evoke: Wand              |       |       |     4 ||     4
  Use: Scroll            |       |     5 |     2 ||     7
Armor: Robe              |     3 |       |       ||     3
       Leather armour    |     1 |    10 |    24 ||    35
Dodge: Dodged            |    19 |    24 |    26 ||    69
Block: Buckler           |       |     2 |     9 ||    11
